 Dungeon Crawl Stone Soup version 0.26-a0-639-g72c4674329 (webtiles) character file.

Game seed: 12101918894897895328

380 Gottschkopf the Ruffian (level 6, -9/47 HPs)
             Began as a Draconian Transmuter on Sept 18, 2020.
             Killed by divine providence
             ... invoked by an orc priest
              (13 damage)
             ... on level 5 of the Dungeon.
             The game lasted 00:07:27 (4207 turns).

Gottschkopf the Ruffian (Draconian Transmuter)      Turns: 4207, Time: 00:07:27

Health: -9/47      AC:  8    Str: 12    XL:     6   Next: 46%
Magic:  8/9        EV: 12    Int: 16    God:
Gold:   133        SH:  0    Dex: 14    Spells: 3/9 levels left

rFire    . . .     SeeInvis .     - Unarmed
rCold    . . .     Faith    +   (no shield)
rNeg     . . .     Spirit   .   (armour unavailable)
rPois    .         Reflect  .   (helmet currently unavailable)
rElec    .         Harm     .   (no cloak)
rCorr    .         Rampage  .   q - +1 pair of gloves {Dex+3}
MR       .....                  (boots currently unavailable)
Stlth    +.........             m - amulet of faith
HPRegen  0.15/turn              (no ring)
MPRegen  0.11/turn              (no ring)

@: lethally poisoned (-9 -> -13), appendages, flying
A: unfitting armour, horns 2, talons 2, cold-blooded, AC +6
a: End Transformation


You were on level 5 of the Dungeon.
You had grown temporary horns.
You had grown temporary talons.
You visited 1 branch of the dungeon, and saw 5 of its levels.

You collected 133 gold pieces.

Inventory:

Missiles
 x - 3 boomerangs (quivered)
Armour
 l - a +1 pair of boots (melded)
 q - a +1 pair of gloves of dexterity (worn)
 v - a +0 hat (melded)
 w - a +0 buckler
Jewellery
 c - a cursed ring of attention {unknown}
 i - an uncursed amulet of faith
 m - an amulet of faith (around neck)
Wands
 r - a wand of polymorph (6)
 t - a wand of flame (15)
Scrolls
 d - 5 scrolls of identify {unknown}
 e - 4 scrolls of amnesia {unknown}
 f - 3 scrolls of enchant weapon {unknown}
 g - 3 scrolls of enchant armour {unknown}
 n - 3 scrolls of teleportation {unknown}
 o - 2 scrolls of remove curse {unknown}
 u - a scroll of blinking {unknown}
Potions
 a - a potion of heal wounds {unknown}
 b - a potion of invisibility {unknown}
 h - a potion of magic {unknown}
 j - a potion of might {unknown}
 k - 2 potions of stabbing {unknown}
 p - 2 potions of flight
 s - a potion of curing {unknown}
 z - a potion of cancellation {unknown}
 A - a potion of resistance {unknown}


   Skills:
 - Level 1.1 Fighting
 - Level 1.7 Dodging
 + Level 5.1 Unarmed Combat
 - Level 2.0 Spellcasting
 - Level 5.0 Transmutations
 - Level 2.0 Poison Magic


You had 3 spell levels left.
You knew the following spells:

 Your Spells              Type           Power        Failure   Level
a - Beastly Appendage     Tmut           ###...       2%          1
b - Spider Form           Tmut/Pois      ##........   14%         3
c - Wereblood             Tmut           ###.....     4%          2

Your spell library contained the following spells:

 Spells                   Type           Power        Failure   Level
 Magic Dart               Conj           #...         21%         1
 Blink                    Tloc           N/A          30%         2
 Call Imp                 Summ           #.......     30%         2
 Slow                     Hex            #.......     30%         2
 Mephitic Cloud           Conj/Pois/Air  #.......     43%         3
 Conjure Flame            Conj/Fire      #.......     52%         3
 Ice Form                 Ice/Tmut       #.......     58%         4
 Blade Hands              Tmut           ###.......   58%         5


Dungeon Overview and Level Annotations

Branches:
Dungeon (5/15)
 Temple: D:4-7

Altars:


Innate Abilities, Weirdness & Mutations

Your plain brown scales are hard. (AC +6)
You cannot fit into any form of body armour.
You are cold-blooded and may be slowed by cold attacks.
You have a pair of horns on your head.
You have razor-sharp toenails.


Message History

The orc priest hits you but does no damage.
The worker ant misses you.
You barely miss the worker ant. Your headbutt misses the worker ant.
The worker ant is almost dead.
* * * LOW HITPOINT WARNING * * *
You feel sick. The orc hits you but does no damage.
The orc completely misses you.
The orc priest hits you but does no damage.
The orc closely misses you. The worker ant closely misses you.
The orc hits you but does no damage. The orc priest barely misses you.
It was a potion of flight.
You feel very buoyant.
You fly up into the air.
The orc hits you but does no damage. The worker ant barely misses you.
The orc hits you with a cursed -2 flail.
* * * LOW HITPOINT WARNING * * *
The orc hits you but does no damage. x2
The orc priest mumbles some strange prayers to Beogh against you.
Beogh smites you!
You die...

...........##
...........##...........
...........##...........
..........[##.......$?..
...........##...........
........................
.......oo...............
......oooo.....#####....
......a@oo.....# #....
.......ooZ.....# #....
########o......# #....
#.......# #####
#....?..# #.......#
#########


You could see a worker ant, 2 orc priests, an orc wizard, 8 orcs and an adder
skeleton.

Vanquished Creatures
  A howler monkey (D:4)
  2 orc priests
  2 orc wizards
  A worker ant (D:4)
  A mummy (D:4)
  Robin (D:2)
  6 adders
  An ooze (D:1)
  2 dart slugs
  15 orcs
  3 ball pythons
  7 bats
  7 giant cockroaches
  15 goblins
  15 hobgoblins
  7 jackals
  5 kobolds
  3 frilled lizards (D:2)
  A hobgoblin zombie (D:4)
  3 orc zombies (D:4)
  3 rats
101 creatures vanquished.

Notes
Turn   | Place    | Note
-------+----------+-------------------------------------------
     0 | D:1      | Gottschkopf the Draconian Transmuter began the quest for
                  | the Orb.
     0 | D:1      | Reached XP level 1. HP: 16/16 MP: 3/3
   524 | D:1      | Reached XP level 2. HP: 17/23 MP: 3/5
   971 | D:2      | Reached XP level 3. HP: 25/28 MP: 4/6
  1004 | D:1      | Learned a level 3 spell: Spider Form
  1007 | D:1      | Learned a level 2 spell: Wereblood
  1573 | D:2      | Reached XP level 4. HP: 35/35 MP: 5/7
  1848 | D:2      | Reached skill level 1 in Poison Magic
  1973 | D:2      | Noticed Robin
  2005 | D:2      | Killed Robin
  2342 | D:3      | Reached XP level 5. HP: 38/40 MP: 6/8
  3310 | D:3      | You fall into a shaft and drop 1 floor!
  3332 | D:4      | Reached XP level 6. HP: 38/47 MP: 5/9
  3575 | D:4      | Reached skill level 5 in Transmutations
  3813 | D:4      | Reached skill level 5 in Unarmed Combat
  4181 | D:5      | Entered Level 5 of the Dungeon
  4207 | D:5      | Killed from afar by an orc priest

Illustrated notes

Levels and vault maps discovered:
D:1:      dpeg_arrival_shelter, layout_basic, serial_rivers,
          chequers_serial_rivers_room_b, chequers_serial_rivers_micro_c,
          chequers_serial_rivers_room_b, chequers_serial_rivers_micro_e,
          chequers_serial_rivers_micro_c, chequers_serial_rivers_room_a
D:2:      layout_basic, uniq_robin
D:3:      wad_pebble_path, layout_basic
D:4:      layout_cave_pools, minmay_mini_ossuary
D:5:      layout_basic, nicolae_overflow_hidden_temple, uniq_duvessa

Skill      XL: |  1  2  3  4  5  6 |
---------------+-------------------+-----
Unarmed Combat | 4 5 |  5.1
Poison Magic   | 1 2 |  2.0
Transmutations | 3 4 5 |  5.0
Fighting       | |  1.1
Dodging        | |  1.7
Spellcasting   | |  2.0

Action                   |  1- 3 |  4- 6 || total
-------------------------+-------+-------++-------
Melee: Unarmed           |    94 |   177 ||   271
       Kick              |    16 |    26 ||    42
       Tailslap          |     8 |    11 ||    19
       Headbutt          |    11 |    12 ||    23
       Punch             |     2 |     5 ||     7
 Cast: Beastly Appendage |    21 |    31 ||    52
       Wereblood         |     1 |     5 ||     6
       Spider Form       |       |     3 ||     3
  Use: Potion            |       |     1 ||     1
 Stab: Sleeping          |       |     2 ||     2
Armor: Skin              |    41 |    52 ||    93
Dodge: Dodged            |    79 |   131 ||   210

Table legend: (Time is in decaauts)
 A = Elapsed time spent in this place.
 B = Non-inter-level travel time spent in this place.
 C = Inter-level travel time spent in this place.
 D = Time resting spent in this place.
 E = Time spent auto-exploring this place.
 F = Levels seen in this place.
 G = Mean time per level.
                   A        B        C        D        E       F      G
               +--------+--------+--------+--------+--------+-----+--------+
         Total |   4191 |   4108 |     83 |    317 |   3125 |   5 |  838.2 |
       Dungeon |   4191 |   4108 |     83 |    317 |   3125 |   5 |  838.2 |
               +--------+--------+--------+--------+--------+-----+--------+

Top non-repeatable levels by time:
     D:1: 1211 daAuts
     D:3: 1158 daAuts
     D:2: 1071 daAuts
     D:4: 725 daAuts
     D:5: 25 daAuts
